 Dungeon Crawl Stone Soup version 0.17-a0-1435-geafbe2f (webtiles) character file.

234 nuthulu the Ruffian (level 6, -3/51 HPs)
             Began as a Ghoul Monk on June 26, 2015.
             Slain by a worker ant (5 damage)
             ... on level 4 of the Dungeon.
             The game lasted 00:06:48 (3201 turns).

nuthulu the Ruffian (Ghoul Monk)                    Turns: 3201, Time: 00:06:48

Health: -3/51      AC:  9    Str: 17    XL:     6   Next: 5%
Magic:  5/5        EV:  9    Int:  5    God:
Gold:   89         SH:  0    Dex: 11    Spells: 0 memorised, 5 levels left

rFire  x . .     SeeInvis .       - Unarmed
rCold  + + +     Clarity  .     d - +0 ice dragon armour
rNeg   + + +     SustAt   .     (no shield)
rPois  ∞         Gourm    .     (no helmet)
rElec  .         Spirit   .     (no cloak)
rCorr  .         Warding  .     (no gloves)
rMut   .         Stasis   .     (no boots)
MR     .....                    (no amulet)
Stlth  +.........               (no ring)
                                (no ring)

@: rotting, not resistant to hostile enchantments, very unstealthy
A: rotting body, claws 1, carnivore 3, cold resistance 1, negative energy
resistance 3, slow healing 1, torment resistance, unbreathing
a: no special abilities


You were on level 4 of the Dungeon.
You were not hungry.

You visited 1 branch of the dungeon, and saw 4 of its levels.

You collected 89 gold pieces.

Inventory:

Armour
 a - a +0 robe
 c - a +0 leather armour
 d - a +0 ice dragon armour (worn)
Jewellery
 g - an uncursed ring of stealth {unknown}
Potions
 e - a potion of curing
 i - a potion of degeneration {unknown}
 k - a potion of agility {unknown}
Comestibles
 b - a meat ration
 h - a royal jelly


   Skills:
 - Level 3.2 Fighting
 - Level 2.6 Dodging
 * Level 5.4 Stealth
 * Level 6.2 Unarmed Combat


You had 5 spell levels left.
You didn't know any spells.

Dungeon Overview and Level Annotations

Branches:
Dungeon (4/15)
 Temple: D:4-7

Altars:
Trog


Innate Abilities, Weirdness & Mutations

Your body is rotting away.
You thrive on raw meat.
You are immune to poison.
You have sharp fingernails.
You are carnivorous and can eat meat at any time.
Your flesh is cold resistant.
You are immune to negative energy.
You heal slowly when monsters are visible.
You are immune to unholy pain and torment.
You can survive without breathing.


Message History

You scratch the gnoll but do no damage.
The gnoll is lightly wounded.
The gnoll hits you with a whip of electrocution.
You are electrocuted!
* * * LOW HITPOINT WARNING * * *
The worker ant closely misses you. The gnoll hits you with a spear!
* * * LOW HITPOINT WARNING * * *
Eat which item? (? for menu, Esc to quit)
Okay, then.
The gnoll is no longer bleeding.
The gnoll hits you but does no damage.
The gnoll hits you from afar with a spear.
* * * LOW HITPOINT WARNING * * *
You see here a halberd.
You scratch the worker ant.
The worker ant is lightly wounded.
The worker ant barely misses you.
You claw the worker ant!
The worker ant is severely wounded.
The worker ant bites you.
You die...

####### .....# #
#.#.# ..###.#[..#
......#..<########
....^....gga@...>#
.#####..#########
#..........#
#.##.#.###.#
#...... #.##.#.#
#. ....# #. #.g .
.. gg.###


You could see a worker ant and 2 gnolls.

Vanquished Creatures
  An orc priest (D:3)
  Jessica (D:2)
  Natasha (twice) (D:3)
  An orc wizard (D:3)
  2 adders (D:3)
  5 gnolls
  4 worms
  3 orcs
  2 ball pythons (D:1)
  A bat skeleton (D:4)
  5 giant cockroaches
  5 hobgoblins
  8 kobolds
  3 bats
  2 giant newts
  6 goblins
  3 rats
54 creatures vanquished.

Notes
Turn   | Place    | Note
--------------------------------------------------------------
     0 | D:1      | nuthulu the Ghoul Monk began the quest for the Orb.
     0 | D:1      | Reached XP level 1. HP: 19/19 MP: 0/0
   424 | D:1      | Reached XP level 2. HP: 24/26 MP: 1/1
   666 | D:1      | Reached XP level 3. HP: 27/31 MP: 2/2
  1056 | D:2      | Noticed Jessica
  1065 | D:2      | Killed Jessica
  1065 | D:2      | Reached skill level 5 in Unarmed Combat
  1303 | D:2      | Reached XP level 4. HP: 30/35 MP: 3/3
  1755 | D:3      | Noticed Natasha
  1771 | D:3      | Killed Natasha
  2038 | D:3      | Reached XP level 5. HP: 18/42 MP: 4/4
  2253 | D:3      | Reached skill level 5 in Stealth
  2253 | D:3      | Reached skill level 6 in Unarmed Combat
  2661 | D:3      | Noticed Natasha
  2667 | D:3      | Killed Natasha
  2921 | D:3      | Found a bloodstained altar of Trog.
  3189 | D:4      | Reached XP level 6. HP: 47/51 MP: 5/5
  3197 | D:4      | HP: 2/51 [gnoll/spear (4)]
  3201 | D:4      | Slain by a worker ant

Vault maps used:
D:1:      lightli_arrival_boilingwater
D:2:      minmay_parallelograms, uniq_jessica
D:3:      overflow_temple_1_default, first_bread, uniq_natasha
D:4:      yredelemnul_altar_generic, uniq_menkaure

Action                   |  1- 3 |  4- 6 || total
-------------------------+-------+-------++-------
Melee: Unarmed           |    92 |   118 ||   210
  Use: Scroll            |     2 |     5 ||     7
 Stab: Sleeping          |       |     2 ||     2
  Eat: Chunk             |    14 |    32 ||    46
